 Dungeon Crawl Stone Soup version 0.30-a0-799-g109b55a442 (webtiles) character file.

Game seed: 1997440637855964858

136 cheesebisquit the Digger (level 5, -1/28 HPs)
             Began as a Gargoyle Earth Elementalist on Feb 20, 2023.
             Slain by a gnoll
             ... wielding a +0 halberd
             ... led by a gnoll bouda
              (8 damage)
             ... on level 4 of the Dungeon.
             The game lasted 00:08:14 (2621 turns).

cheesebisquit the Digger (GrEE)                     Turns: 2621, Time: 00:08:15

Health: -1/28      AC:  9    Str: 15    XL:     5   Next: 19%
Magic:  9/10       EV: 11    Int: 18    God:
Gold:   106        SH:  0    Dex: 10    Spells: 7/11 levels left

rFire   . . .      SeeInvis .    m - +5 sling "Xabrin" {flame, Str+4}
rCold   . . .      Faith    .    (no shield)
rNeg    + . .      Spirit   .    e - +0 robe
rPois   ∞          Reflect  .    o - +0 hat {Stlth+}
rElec   +          Harm     .    k - +0 cloak
rCorr   .          Rampage  .    g - +1 pair of gloves
Will    .....                    (no boots)
Stlth   +++                      (no amulet)
HPRegen 0.24/turn                (no ring)
MPRegen 0.12/turn                (no ring)

@: weakened
A: sickness immunity, AC +4, negative energy resistance 1, electricity
resistance, torment resistance 1, petrification resistance
a: no special abilities


You were on level 4 of the Dungeon.
You visited 1 branch of the dungeon, and saw 4 of its levels.

You collected 191 gold pieces.
You spent 85 gold pieces at shops.

Inventory:

Hand Weapons
 a - a +0 dagger
 m - the +5 sling "Xabrin" (weapon) {flame, Str+4}
   (You found it on level 2 of the Dungeon)

   Str:       It affects your strength (+4).
Missiles
 r - 8 poisoned darts
Armour
 e - a +0 robe (worn)
 g - a +1 pair of gloves (worn)
 k - a +0 cloak (worn)
 o - a +0 hat of stealth (worn)
Scrolls
 f - a scroll of blinking {unknown}
 h - a scroll of silence {unknown}
 j - a scroll of vulnerability {unknown}
 p - a scroll of magic mapping {unknown}
 q - a scroll of amnesia {unknown}
Potions
 b - 2 potions of magic
 c - 2 potions of might {unknown}
 d - 3 potions of curing {unknown}
 i - a potion of brilliance {unknown}
 l - a potion of attraction {unknown}
 n - a potion of heal wounds {unknown}


   Skills:
 - Level 1.5 Dodging
 - Level 2.1 Stealth
 + Level 3.6 Spellcasting
 - Level 0.7 Transmutations
 + Level 5.5 Earth Magic


You had 7 spell levels left.
You knew the following spells:

 Your Spells              Type           Power      Damage    Failure   Level
b - Stone Arrow           Conj/Erth      26%        3d8       14%         3
z - Sandblast             Erth           46%        2d11      1%          1

Your spell library contained the following spells:

 Spells                   Type           Power      Damage    Failure   Level
 Passwall                 Tmut/Erth      11%        N/A       6%          2
 Ignite Poison            Fire/Tmut/Pois 4%         N/A       38%         3
 Petrify                  Tmut/Erth      14%        N/A       38%         4
 Hailstorm                Conj/Ice       3%         3d3       41%         3
 Kindle Blastsparks       Fire/Tloc/Air  6%         2d10      41%         3
 Lee's Rapid Deconstruct  Erth           11%        3d8*      41%         5
 Ice Form                 Ice/Tmut       4%         N/A       78%         4
 Fulminant Prism          Conj/Hex       1%         3d5       83%         4
 Iskenderun's Mystic Bla  Conj/Tloc      3%         2d3       83%         4
 Freezing Cloud           Conj/Ice/Air   1%         6-21      99%         5
 Simulacrum               Ice/Necr       1%         N/A       100%        6


Dungeon Overview and Level Annotations

Branches:
Dungeon (4/15)
 Temple: D:4-7

Altars:
Yredelemnul

Shops:
D:1 [


Innate Abilities, Weirdness & Mutations

You are immune to sickness and miasma.
Your stone body is resilient. (AC +4)
You are immune to poison.
You resist negative energy. (rN+)
You are resistant to electric shocks. (rElec)
You are resistant to unholy torment.
You are immune to petrification.


Message History

The gnoll shouts!
You hear a shout!
You shoot a sling bullet. The sling bullet hits the gnoll!
The sling bullet burns the gnoll.
You kill the gnoll!
A gnoll comes into view. It is wielding a +0 halberd.
You shoot a sling bullet.
The sling bullet closely misses the gnoll.
A gnoll comes into view. It is wielding a +0 whip.
The teleport trap disappears.
The gnoll disappears!
You shoot a sling bullet.
The sling bullet completely misses the gnoll.
The sling bullet hits the gnoll.
The sling bullet burns the gnoll.
The gnoll is lightly wounded.
You shoot a sling bullet. The sling bullet hits the gnoll.
The sling bullet burns the gnoll.
The gnoll is moderately wounded.
A gnoll bouda comes into view. It is wielding a +0 whip.
The gnoll bouda moves out of view.
You shoot a sling bullet. The sling bullet hits the gnoll.
The sling bullet burns the gnoll.
The gnoll is heavily wounded.
The gnoll hits you from afar with a +0 halberd!
You shoot a sling bullet.
The sling bullet closely misses the gnoll.
The sling bullet hits the gnoll but does no damage.
The gnoll is lightly wounded.
The gnoll hits you from afar with a +0 halberd!
* * * LOW HITPOINT WARNING * * *
You are too injured to fight recklessly!
Casting: Sandblast (safe; 1% risk of failure)
Confirm with . or Enter, or press ? or * to list all spells.
Aiming: Sandblast (safe; 1% risk of failure)
Press: ? - help, Shift-Dir - straight line, f/p - gnoll
Aim: a gnoll, wielding a +0 halberd (heavily wounded, 85% to hit)
The blast of sand misses the gnoll.
The blast of sand hits the gnoll!
You kill the gnoll!
The gnoll bouda gazes fiercely through you!
You feel your attacks grow feeble.
The gnoll hits you from afar with a +0 halberd!
You die...

.. ) .## g.#
#)# #g# #.#
#@# #.## #..#
###.###
#.....#####..
#....<......#
#.....#######
#.....#
#.....#


You could see a gnoll bouda and a gnoll.

Vanquished Creatures
  An orc priest (D:3)
  2 gnolls (D:4)
  5 adders
  A dart slug (D:3)
  3 orcs (D:3)
  5 bats
  4 endoplasms
  2 giant cockroaches
  3 goblins
  5 hobgoblins
  3 quokkas
  5 ball pythons
  3 frilled lizards (D:3)
  5 kobolds
  A rat (D:1)
48 creatures vanquished.

Notes
Turn   | Place    | Note
-------+----------+-------------------------------------------
     0 | D:1      | cheesebisquit the Gargoyle Earth Elementalist began the
                  | quest for the Orb.
     0 | D:1      | Reached XP level 1. HP: 10/10 MP: 3/3
   376 | D:1      | Found a faded altar of an unknown god.
   381 | D:1      | Reached XP level 2. HP: 15/15 MP: 1/5
   504 | D:1      | Reached skill level 4 in Earth Magic
   715 | D:1      | Found Ifoigom's Antique Armour Shoppe.
   721 | D:1      | Bought a cloak for 85 gold pieces
   855 | D:2      | You fall into a shaft and drop 1 floor!
  1040 | D:2      | Found a basalt altar of Yredelemnul.
  1131 | D:2      | Identified the +5 sling "Xabrin" {flame, Str+4}
  1141 | D:2      | Reached XP level 3. HP: 15/19 MP: 2/7
  1474 | D:2      | Reached XP level 4. HP: 21/24 MP: 4/8
  1802 | D:3      | Learned a level 3 spell: Stone Arrow
  1864 | D:3      | Reached skill level 5 in Earth Magic
  2243 | D:3      | Reached XP level 5. HP: 27/28 MP: 5/10
  2621 | D:4      | Slain by a gnoll

Illustrated notes

Levels and vault maps discovered:
D:1:      erik_arrival_triangle_huge, layout_loops_ring,
          ebering_ecumenical_altar_ruins, serial_shops, shop
D:2:      layout_loops_ring, basic_altar, patterned_corridor
D:3:      layout_loops_cross
D:4:      layout_rooms, kennysheep_decorative_pillar,
          corexii_item_surrounded_by_moat

Skill      XL: |  1  2  3  4 |
---------------+-------------+-----
Earth Magic    | 4 5 |  5.5
Spellcasting   | 3 |  3.6
Dodging        | |  1.5
Stealth        | |  2.1
Transmutations | |  0.7

Action                     |  1- 3 |  4- 6 || total
---------------------------+-------+-------++-------
  Melee: Dagger            |       |     8 ||     8
   Fire: Sling             |       |     7 ||     7
   Cast: Sandblast         |    35 |    36 ||    71
 Armour: Robe              |     5 |    11 ||    16
  Dodge: Dodged            |     8 |    11 ||    19

Table legend: (Time is in decaauts)
 A = Elapsed time spent in this place.
 B = Non-inter-level travel time spent in this place.
 C = Inter-level travel time spent in this place.
 D = Time resting spent in this place.
 E = Time spent auto-exploring this place.
 F = Levels seen in this place.
 G = Mean time per level.
                   A        B        C        D        E       F      G
               +--------+--------+--------+--------+--------+-----+--------+
         Total |   2656 |   2553 |    103 |      0 |   2202 |   4 |  664.0 |
       Dungeon |   2656 |   2553 |    103 |      0 |   2202 |   4 |  664.0 |
               +--------+--------+--------+--------+--------+-----+--------+

Top non-repeatable levels by time:
     D:2: 958 daAuts
     D:3: 869 daAuts
     D:1: 812 daAuts
     D:4: 16 daAuts
